Map: Prion Terraces

Players

Assissino

  • Race: Zerg Zerg
  • League: Platinum

Patchouli - Winner!

  • Race: Terran Terran
  • League: Gold

VOD

Have the link to the VOD?

Description

Time

  • Played on: Nov. 15, 2015, 11:19 p.m.
  • Length: 6:17
Show
View Real Time Build Order
Export as new Build Order

Assissino Zerg 

Build Orders: Hatch First 

Get SALT Encoding   

  12  0:03  Drone  
  13  0:13  Overlord  
  13  0:19  Drone  
  14  0:32  Drone x2  
  16  0:36  Drone  
  17  0:53  Hatchery  
  17  0:56  Drone  
  17  1:01  Drone  
  18  1:12  Spawning Pool  
  18  1:14  Drone  
  18  1:18  Extractor  
  17  1:20  Drone  
  18  1:29  Drone  
  19  1:46  Drone  
  20  1:59  Queen  
  22  2:04  Queen  
  22  2:07  Overlord  
  24  2:09  Drone x2  
  24  2:14  Drone  
  27  2:16  Drone  
  28  2:31  Drone x2  
  28  2:36  Drone  
  31  2:37  Hatchery  
  31  2:39  Drone  
  31  2:44  Lair  
  31  2:51  Drone  
  31  2:58  Roach Warren  
  31  2:59  Drone  
  31  3:00  Drone  
  31  3:01  Drone  
  34  3:15  Drone  
  34  3:16  Drone  
  34  3:17  Overlord  
  36  3:25  Roach Warren, Drone  
  36  3:36  Drone  
  36  3:37  Drone x2  
  36  3:40  Drone x2  
  36  3:41  Drone  
  42  3:45  Glial Reconstitution  
  42  3:48  Overlord  
  42  3:50  Drone  
  42  3:51  Drone x5  
  48  4:01  Extractor x2  
  48  4:02  Overlord x2  
  46  4:05  Drone  
  46  4:06  Drone  
  46  4:08  Drone  
  47  4:12  Roach  
  47  4:16  Roach x3  
  48  4:17  Roach  
  48  4:21  Overlord  
  48  4:23  Roach  
  48  4:38  Roach x3  
  48  4:43  Ravager  
  43  4:58  Roach x2, Zergling x4  
  44  5:13  Roach  
  44  5:14  Roach  
  23  5:40  Drone x3  
  25  5:56  Spore Crawler  
  23  5:58  Spore Crawler  
Show
View Real Time Build Order
Export as new Build Order

Patchouli Terran - Winner!

Build Orders: 1/1/1, Liberator Opening 

Get SALT Encoding   

  12  0:01  SCV  
  13  0:13  SCV  
  14  0:17  Supply Depot  
  14  0:25  SCV  
  15  0:39  SCV  
  15  0:40  Barracks  
  16  0:47  Refinery  
  16  0:51  SCV  
  16  0:55  Refinery  
  17  1:03  SCV  
  18  1:15  SCV  
  19  1:27  Orbital Command  
  19  1:28  Marine  
  19  1:30  Supply Depot  
  20  1:40  Factory  
  20  1:54  Supply Depot  
  20  1:55  Barracks Reactor  
  20  1:58  SCV  
  21  2:10  SCV  
  22  2:22  SCV  
  23  2:27  Starport  
  23  2:38  SCV  
  23  2:41  Barracks Reactor, Hellion  
  23  2:42  Hellion  
  28  2:50  SCV  
  29  2:52  Supply Depot  
  29  3:03  Hellion x2  
  33  3:06  Liberator x2  
  33  3:15  Supply Depot  
  33  3:27  Hellion  
  41  3:28  Hellion  
  43  3:37  Armory  
  43  3:43  Supply Depot  
  43  3:49  Liberator  
  43  3:50  Hellion  
  43  3:52  Hellion  
  50  4:11  Hellion  
  52  4:26  Liberator  
  50  4:43  Hellion x2  
  52  5:03  Liberator  
  46  5:07  Hellion x2  
  47  5:28  Hellion  
  47  5:29  Hellion  
  48  5:50  Hellion x2  
  50  6:01  SCV  
  54  6:06  Command Center  
Tags
 
Add a new tag
Caveats
  • Supply blocks, unpowered buildings, or Contaminate may cause inaccurate times.
  • Supply counts are checked every 10 seconds.